 Dungeon Crawl Stone Soup version bcrawl-1.35.4c (webtiles) character file.

Game seed: 6491121195000413295

359891 SneedManIsMyWife the Cleaver (level 10, 0/68 HPs)
             Began as a Gargoyle Fighter on Feb 8, 2022.
             Was a Follower of Makhleb.
             Slain by a two-headed ogre
             ... wielding a cursed +0 giant spiked club
              (10 damage)
             ... on level 8 of the Dungeon.
             The game lasted 00:07:55 (6095 turns).

SneedManIsMyWife the Cleaver (Gargoyle Fighter)     Turns: 6095, Time: 00:07:55

Health: 0/68       AC: 18    Str: 22    XL:     10   Next: 24%
Magic:  10/10      EV:  3    Int: 10    God:    Makhleb [*.....]
Gold:   389        SH:  9    Dex:  9    Spells: 9/9 levels left

rFire    + . .     SeeInvis .   l - +2 hand axe (chop)
rCold    + . .     Gourm    .   c - +0 medium shield
rNeg     + . .     Faith    .   i - +0 chain mail
rPois    ∞         Spirit   .   (no helmet)
rElec    +         Reflect  .   v - scarf {rC+ rF+}
rCorr    .                      (no gloves)
MR       .....                  k - +1 pair of boots
Stlth    ..........             p - amulet of regeneration
HPRegen  0.51/turn              (no ring)
MPRegen  0.12/turn              y - ring of Law {*Drain Slay+6 Stlth--}

@: no status effects
A: negative energy resistance 1, electricity resistance, unbreathing,
petrification resistance, rot immunity, AC +7
a: Minor Destruction, Renounce Religion


You were on level 8 of the Dungeon.
You worshipped Makhleb.
Makhleb was aware of your devotion.
You were not hungry.

You visited 2 branches of the dungeon, and saw 9 of its levels.

You collected 504 gold pieces.
You spent 115 gold pieces at shops.

Inventory:

Hand Weapons
 a - a +0 war axe
 l - a +2 hand axe of chopping (weapon)
   (You took it off an orc on level 3 of the Dungeon)
Missiles
 g - 101 poisoned tomahawks (quivered)
Armour
 b - a +0 scale mail
 c - a +0 medium shield (worn)
 i - a +0 chain mail (worn)
   (You found it on level 1 of the Dungeon)
 j - a +0 cloak
   (You found it on level 2 of the Dungeon)
 k - a +1 pair of boots (worn)
   (You found it on level 2 of the Dungeon)
 v - a scarf of resistance (worn)
   (You found it on level 3 of the Dungeon)
Jewellery
 p - an amulet of regeneration (around neck)
   (You found it on level 3 of the Dungeon)
 y - the ring of Law (right hand) {*Drain Slay+6 Stlth--}
   (You found it on level 4 of the Dungeon)

   [ring of attention]

   It affects your accuracy and damage with ranged weapons and melee attacks
   (+6).
   It causes draining when unequipped.
   It makes you much less stealthy.
Wands
 o - a wand of enslavement (8)
   (You found it on level 3 of the Dungeon)
 x - a wand of clouds (4)
   (You found it on level 3 of the Dungeon)
 z - a wand of polymorph (6)
   (You found it on level 5 of the Dungeon)
 E - a wand of acid (4)
   (You found it on level 6 of the Dungeon)
Scrolls
 n - a scroll of amnesia
 r - 2 scrolls of identify
 t - a scroll of teleportation
 u - a scroll of enchant weapon
 w - a scroll of remove curse
 A - a scroll of fear {unknown}
 B - a scroll of enchant armour
 C - a scroll of noise {unknown}
Potions
 d - 2 potions of might
 f - 2 potions of berserk rage
 h - a potion of magic
 m - 2 potions of flight
 q - 2 potions of curing
 s - 2 potions of agility
 D - 3 potions of heal wounds
 F - a potion of lignification {unknown}
Comestibles
 e - 4 rations {!d}


   Skills:
 + Level 9.8 Fighting
 * Level 10.9 Axes
 - Level 3.2 Armour
 - Level 3.2 Shields


You had 9 spell levels left.
You didn't know any spells.
Your spell library contained the following spells:

 Spells                   Type           Power        Failure   Level  Hunger
 Animate Skeleton         Necr           N/A          100%        1    None
 Pain                     Necr           #.....       100%        1    None
 Vampiric Draining        Necr           #.........   100%        3    #####..
 Agony                    Necr           #.......     100%        4    ######.
 Animate Dead             Necr           N/A          100%        4    ######.
 Dispel Undead            Necr           #.......     100%        5    #######


Dungeon Overview and Level Annotations

Branches:
Dungeon (8/12)             Temple (1/1) D:6
   Lair: D:7-9          Orc: D:8-11

Altars:
Ashenzari
Cheibriados
Dithmenos
Elyvilon
Fedhas
Gozag
Hepliaklqana
Kikubaaqudgha
Makhleb
Nemelex Xobeh
Okawaru
Qazlal
Ru
Trog
Vehumet
Wu Jian
Xom
Yredelemnul
Zin
The Shining One

Shops:
D:4 *=   D:5 [


Innate Abilities, Weirdness & Mutations

You are resistant to torment.
Your stone body is resilient. (AC +7)
You are immune to poison.
You resist negative energy. (rN+)
You are resistant to electric shocks. (rElec)
You can survive without breathing.
You are immune to petrification.
You are immune to rotting.


Message History

No target in view!
No target in view!
No target in view!
No target in view!
No target in view!
No target in view!
No target in view!
No target in view!
No target in view!
No target in view!
A hound comes into view.
The hound barks!
A bullfrog comes into view.
Things that are here:
+0 steam dragon scales; a steam dragon corpse The bullfrog gives a loud, deep croak!
A two-headed ogre comes into view.
It is wielding a +0 giant spiked club and a +0 giant club.
The hound bites you but does no damage.
A bullfrog comes into view.
There are monsters nearby!
The bullfrog gives a loud, deep croak!
You slash the hound!
The hound is heavily wounded.
You block the hound's attack.
You slash the hound!
You kill the hound!
Makhleb accepts your kill.
You slash the bullfrog!
The bullfrog is severely wounded.
The bullfrog hits you but does no damage.
You slash the bullfrog!
You kill the bullfrog!
Makhleb accepts your kill. The two-headed ogre barely misses you.
You block the two-headed ogre's attack.
You see here a hound corpse.
You hit the two-headed ogre.
The two-headed ogre is lightly wounded.
You barely miss the two-headed ogre.
The two-headed ogre is lightly wounded.
You block the two-headed ogre's attack.
The two-headed ogre hits you with a +0 giant club!
Your shield prevents you from hitting the two-headed ogre.
The two-headed ogre is lightly wounded.
The two-headed ogre hits you but does no damage.
The two-headed ogre hits you with a +0 giant club.
You barely miss the two-headed ogre.
The two-headed ogre is lightly wounded.
You hit the two-headed ogre but do no damage.
Snnnck.
The two-headed ogre is lightly wounded.
The two-headed ogre hits you with a cursed +0 giant spiked club!
The two-headed ogre hits you with a +0 giant club.
You are too injured to fight recklessly!
You are too injured to fight recklessly!
You are too injured to fight recklessly!
You are too injured to fight recklessly!
You are too injured to fight recklessly!
You are too injured to fight recklessly!
You are too injured to fight recklessly!
You are too injured to fight recklessly!
You are too injured to fight recklessly!
You are too injured to fight recklessly!
You are too injured to fight recklessly!
You are too injured to fight recklessly!
You are too injured to fight recklessly!
You are too injured to fight recklessly!
You are too injured to fight recklessly!
You are too injured to fight recklessly!
Throwing (i - inventory)
g - 103 poisoned tomahawks (quivered)
Press: ? - help, Shift-Dir - straight line, f - two-headed ogre
Aim: a two-headed ogre, wielding a +0 giant spiked club and a +0 giant club (lightly wounded)
You throw a poisoned tomahawk.
The poisoned tomahawk hits the two-headed ogre.
The two-headed ogre is poisoned.
The two-headed ogre is lightly wounded.
The two-headed ogre hits you but does no damage.
You block the two-headed ogre's attack.
Throwing (i - inventory)
g - 102 poisoned tomahawks (quivered)
Press: ? - help, Shift-Dir - straight line, f/p - two-headed ogre
Aim: a two-headed ogre, wielding a +0 giant spiked club and a +0 giant club (lightly wounded, poisoned)
You throw a poisoned tomahawk.
The poisoned tomahawk closely misses the two-headed ogre.
The two-headed ogre hits you with a cursed +0 giant spiked club!
* * * LOW HITPOINT WARNING * * *
The two-headed ogre hits you with a +0 giant club.
* * * LOW HITPOINT WARNING * * *
Items here: ))) [[ †† Evoke which item? (* to show all) (? for menu, Esc to quit)
Aiming: Cloud Cone
Press: ? - help, Dir - move target cursor, f/p - two-headed ogre
Aim: a two-headed ogre, wielding a +0 giant spiked club and a +0 giant club (moderately wounded, poisoned)
You create a blast of noxious fumes!
The bullfrog is engulfed in noxious fumes.
The bullfrog appears confused.
The two-headed ogre is engulfed in noxious fumes.
The two-headed ogre appears confused.
The two-headed ogre hits you with a cursed +0 giant spiked club!
* * * LOW HITPOINT WARNING * * *
The two-headed ogre hits you with a +0 giant club!
You die...

#.....F (# #
#...###.#
#.####†..#
#.......####.#
####§§[.......
#F##..#...# #§#
..# ..# #O# ....
.. #@# #.#.# #
#######.###.#.#
...............
####...>.#######
#.....#
#.....###
#.......#
#.##.##.#
#.##.##.#


You could see a two-headed ogre (confused) and a bullfrog (confused).

Vanquished Creatures
  Pikel (D:6)
  A komodo dragon (D:6)
  A redback zombie (D:7)
  2 trolls (D:7)
  A steam dragon (D:8)
  An ice beast (D:7)
  A slave (D:6)
  A phantom (D:4)
  3 black bears
  3 sky beasts
  3 centaurs (D:7)
  An ogre (D:4)
  6 bullfrogs
  A scorpion (D:7)
  5 killer bees (D:8)
  An orc priest (D:7)
  2 howler monkeys (D:7)
  A crimson imp (D:5)
  3 quasits
  3 hounds
  5 orc wizards
  A bullfrog skeleton (D:4)
  A centaur skeleton (D:6)
  2 iguanas
  Natasha (twice) (D:4)
  A worker ant (D:5)
  A hound skeleton (D:7)
  4 adders
  2 oozes
  2 adder skeletons
  4 leopard geckos
  13 orcs
  3 ball pythons
  4 bats
  4 giant cockroaches
  3 goblins
  6 hobgoblins
  11 jackals
  2 quokkas
  A frilled lizard (D:1)
  7 kobolds
  5 rats
  A spectral orc (D:5)
126 creatures vanquished.

Notes
Turn   | Place    | Note
-------+----------+-------------------------------------------
     0 | D:1      | SneedManIsMyWife the Gargoyle Fighter began the quest for
                  | the Orb.
     0 | D:1      | Reached XP level 1. HP: 14/14 MP: 1/1
    62 | D:1      | Reached skill level 2 in Axes
   192 | D:1      | Reached XP level 2. HP: 19/19 MP: 2/2
   806 | D:2      | Reached XP level 3. HP: 24/24 MP: 3/3
   858 | D:2      | Found a shimmering altar of Xom.
  1027 | D:2      | Reached skill level 3 in Axes
  1242 | D:3      | Reached skill level 4 in Fighting
  1242 | D:3      | Reached XP level 4. HP: 29/29 MP: 4/4
  1353 | D:3      | Reached XP level 5. HP: 34/34 MP: 5/5
  1523 | D:3      | Reached skill level 4 in Axes
  1721 | D:3      | Found an opulent altar of Gozag.
  1814 | D:4      | Noticed a phantom
  1842 | D:4      | Killed a phantom
  1843 | D:4      | Reached skill level 5 in Fighting
  1843 | D:4      | Reached XP level 6. HP: 36/40 MP: 6/6
  1968 | D:4      | Got a smoking iron ring
  1992 | D:4      | Found Beytoitz's Jewellery Shoppe.
  2007 | D:4      | Noticed a sky beast
  2019 | D:4      | Killed a sky beast
  2020 | D:4      | Reached skill level 5 in Axes
  2047 | D:4      | Noticed Natasha
  2061 | D:4      | Killed Natasha
  2102 | D:4      | Found Bghefuhei's Bounteous Boutique.
  2111 | D:4      | Bought a scroll of blinking for 82 gold pieces
  2111 | D:4      | Bought a potion of berserk rage for 33 gold pieces
  2363 | D:4      | Noticed Natasha
  2372 | D:4      | Killed Natasha
  2373 | D:4      | Reached XP level 7. HP: 29/44 MP: 7/7
  2427 | D:5      | Entered Level 5 of the Dungeon
  2433 | D:4      | HP: 5/44 [ogre/+0 giant club (7)]
  2751 | D:5      | Reached skill level 6 in Axes
  2792 | D:5      | Identified the cursed ring of Law {*Drain Slay+6 Stlth--}
                  | (You found it on level 4 of the Dungeon)
  2873 | D:6      | Reached skill level 6 in Fighting
  3041 | D:6      | Reached XP level 8. HP: 30/52 MP: 8/8
  3094 | D:6      | Noticed a komodo dragon
  3132 | D:5      | Reached skill level 7 in Axes
  3581 | D:5      | Found Bikkyunimm's Antique Armour Shoppe.
  3694 | D:5      | Found a basalt altar of Yredelemnul.
  3911 | D:6      | Killed a komodo dragon
  3912 | D:6      | Reached skill level 7 in Fighting
  4056 | D:6      | Noticed Pikel
  4078 | D:6      | Killed Pikel
  4079 | D:6      | Reached skill level 8 in Axes
  4079 | D:6      | Reached XP level 9. HP: 59/59 MP: 9/9
  4146 | D:6      | Reached skill level 8 in Fighting
  4190 | D:6      | Reached skill level 9 in Axes
  4226 | D:6      | Found a staircase to the Ecumenical Temple.
  4236 | Temple   | Entered the Ecumenical Temple
  4534 | Temple   | Became a worshipper of Makhleb the Destroyer
  5337 | D:7      | Noticed a troll
  5350 | D:7      | HP: 5/60 [troll (7)]
  5351 | D:7      | Killed a troll
  5586 | D:7      | Noticed a troll
  5591 | D:7      | Killed a troll
  5592 | D:7      | Reached skill level 9 in Fighting
  5592 | D:7      | Reached skill level 10 in Axes
  5742 | D:7      | Reached XP level 10. HP: 60/66 MP: 10/10
  5767 | D:7      | Reached * piety under Makhleb
  6076 | D:8      | Noticed a two-headed ogre
  6095 | D:8      | HP: 10/68 [two-headed ogre/cursed +0 giant spiked club (9)]
  6095 | D:8      | Slain by a two-headed ogre

Skill      XL: |  1  2  3  4  5  6  7  8  9 |
---------------+----------------------------+-----
Axes           | 2 3 4 5 6 8 10 | 10.9
Fighting       | 4 5 6 7 9 |  9.8
Armour         | |  3.2
Shields        | |  3.2

Action                   |  1- 3 |  4- 6 |  7- 9 | 10-12 || total
-------------------------+-------+-------+-------+-------++-------
Melee: War axe           |   155 |   122 |       |       ||   277
       Hand axe          |       |    58 |   184 |    47 ||   289
Throw: Tomahawk          |       |       |     5 |     2 ||     7
Evoke: Wand              |       |       |     4 |     1 ||     5
  Use: Scroll            |     2 |       |    11 |       ||    13
 Stab: Confused          |       |       |     1 |       ||     1
  Eat: Chunk             |     7 |    10 |     7 |       ||    24
       Ration            |       |       |     2 |     1 ||     3
Armor: Scale mail        |    27 |       |       |       ||    27
       Chain mail        |    67 |   130 |   180 |    36 ||   413
Dodge: Dodged            |    22 |    11 |    34 |     7 ||    74
Block: Medium shield     |    95 |    74 |    96 |    25 ||   290

Levels and vault maps discovered:
D:1:      dpeg_arrival_houses_and_road, layout_loops_ring
D:2:      layout_loops_ring, overflow_temple_1_default,
          nicolae_uskayaw_dance_studio
D:3:      layout_rooms, grunt_gozag_statues, minmay_tree_intersection,
          st_stairs_14, lemuel_old_faithful
D:4:      layout_basic, nicolae_sif_muna_little_library, serial_shops,
          nicolae_shop_crystal, first_ration, nicolae_alphabet_shops,
          kennysheep_big_empty_room, uniq_natasha
D:5:      layout_loops_ring, yredelemnul_forgotten_temple_becter, serial_shops,
          nicolae_shop_trees, kennysheep_cross_bottleneck, grunt_ministairs_15
D:6:      layout_basic, temple_fountains, uniq_pikel
D:7:      layout_loops_ring
D:8:      minmay_general_purpose_star, layout_loops_cross,
          kennysheep_little_box, bhauth_dryad_lair, enter_trove_1
Temple:   bh_familiar_temple

Table legend:
 A = Turns spent in this place as a percentage of turns spent in the entire game.
 B = Non-inter-level travel turns spent in this place as a percentage of non-inter-level travel turns spent in the entire game.
 C = Inter-level travel turns spent in this place as a percentage of turns spent in this place.
 D = Turns resting spent in this place as a percentage of non-inter-level travel turns spent in this place.
 E = Turns spent auto-exploring this place as a percentage of non-inter-level travel turns spent in this place.
 F = Non-inter-level travel turns spent in this place divided by the number of levels of this place that you've seen.
                   A       B       C       D       E      F
               +-------+-------+-------+-------+-------+----------------------
         Total | 100.0 | 100.0 |   4.6 |   9.7 |  72.4 | 645.8
       Dungeon |  95.0 |  95.5 |   4.1 |  10.1 |  71.2 | 693.6
        Temple |   5.0 |   4.5 |  14.1 |   0.0 |  98.1 | 263.0
               +-------+-------+-------+-------+-------+----------------------

Table legend:
 A = Kills in this place as a percentage of kills in entire the game.
 B = Kills by you in this place as a percentage of kills by you in the entire game.
 C = Kills by friends in this place as a percentage of kills by friends in the entire game.
 D = Other kills in this place as a percentage of other kills in the entire game.
 E = Experience gained in this place as a percentage of experience gained in the entire game.
 F = Experience gained in this place divided by the number of levels of this place that you have seen.
                   A       B       C       D       E      F
               +-------+-------+-------+-------+-------+----------------------
         Total | 100.0 | 100.0 |   N/A |   N/A | 100.0 | 643.4
       Dungeon | 100.0 | 100.0 |   N/A |   N/A | 100.0 | 723.9
               +-------+-------+-------+-------+-------+----------------------
